AoeStats
← tavoo

Golden Pit

509488435Analyzed
1v1 RM · 6d ago on Sep 26, 2026· 20m 16s· 2 players
Game mode
Random Map
Map size
Tiny (2 player)
Population
200
Speed
Normal
Resources
Standard
Victory
Conquest
Starting age
Dark Age
Ending age
Imperial Age
RankedLock teamsTeams togetherTeam positionsShared explorationLock speedFull tech treeHidden civsTurbo modeCheats
Victory
Defeat
🇬🇧 Burgundians · United Kingdom
1360
+32
🇲🇽 Slavs · Mexico
1371
-17
kPL
5:05 Double-Bit Axe
6:29 Loom
9:10 Feudal Age
11:25 Horse Collar
17:05 Bow Saw
19:18 Castle Age
17:34 Fletching
17:46 Gold Mining
19:18 Crossbowman
19:54 Bodkin Arrow
20:47 Wheelbarrow
tavoo
7:07 Loom
9:35 Feudal Age
10:11 Double-Bit Axe
18:40 Castle Age
17:36 Horse Collar
18:51 Forging
Connection lost

Rejoining the realm…

Still unreachable

The connection could not be restored.

Session expired

The server has moved on; the page needs a fresh start.